 Dungeon Crawl Stone Soup version 0.26-a0-1013-gf6ffb0d6bd (webtiles) character file.

Game seed: 13743411426015121354

60 warriortoast the Shield-Bearer (level 3, 33/33 HPs)
             Began as a Minotaur Fighter on Dec 8, 2020.
             Got out of the dungeon alive.
             The game lasted 00:02:32 (582 turns).

warriortoast the Shield-Bearer (Minotaur Fighter)    Turns: 582, Time: 00:02:33

Health: 33/33      AC:  7    Str: 21    XL:     3   Next: 82%
Magic:  2/2        EV:  7    Int:  5    God:
Gold:   20         SH:  9    Dex:  9    Spells: 2/2 levels left

rFire    . . .     SeeInvis .   a - +0 war axe
rCold    . . .     Faith    .   c - +0 kite shield
rNeg     . . .     Spirit   .   b - +0 scale mail
rPois    .         Reflect  .   (helmet restricted)
rElec    .         Harm     .   (no cloak)
rCorr    .         Rampage  .   (no gloves)
Will     .....                  (no boots)
Stlth    ..........             (no amulet)
HPRegen  0.11/turn              (no ring)
MPRegen  0.08/turn              (no ring)

@: no status effects
A: retaliatory headbutt, horns 2
a: no special abilities


You escaped.
You visited 1 branch of the dungeon, and saw 2 of its levels.

You collected 20 gold pieces.

Inventory:

Hand Weapons
 a - a +0 war axe (weapon)
Missiles
 i - 2 boomerangs (quivered)
Armour
 b - a +0 scale mail (worn)
 c - a +0 kite shield (worn)
 j - a +0 tower shield
Scrolls
 f - 2 scrolls of identify {unknown}
 h - 2 scrolls of remove curse {unknown}
Potions
 d - a potion of might
 e - a potion of attraction {unknown}
 g - a potion of haste {unknown}
 k - a potion of resistance {unknown}


   Skills:
 + Level 4.1 Fighting
 + Level 2.9 Axes
 + Level 4.4 Armour
 + Level 0.1 Dodging
 + Level 4.4 Shields


You had 2 spell levels left.
You didn't know any spells.
Your spell library was empty.

Dungeon Overview and Level Annotations

Branches:
Dungeon (2/15)

Altars:


Innate Abilities, Weirdness & Mutations

You reflexively headbutt those who attack you in melee.
You have a pair of horns on your head.


Message History

Unknown command.
There are no items here.
(D) Dungeon
Where to? (? - help)
Okay, then.
Unknown command.
(D) Dungeon
Where to? (? - help)
What level of the Dungeon? (default 1, ? - help)
You see here a rat corpse.
There is a stone staircase leading up here.
You climb upwards.
Found a ring mail.
There is a stone staircase leading down here.
You can't go up here!
You enter the shallow water.
Moving in this stuff is going to be slow.
There is a staircase leading out of the dungeon here.
Are you sure you want to leave the Dungeon?
This will make you lose the game!
You have escaped!

########................
## ##.#######..###..
..####...####....#
....#..≈..#.....##
..≈....≈....≈..8#
...≈..≈≈≈..≈...##
....≈≈≈≈≈≈≈.....#
..≈≈≈≈...≈≈≈≈....#
≈≈≈≈≈..@..≈≈≈≈≈..#
..≈≈≈≈...≈≈≈≈....#
....≈≈≈≈≈≈≈.....##
...≈..≈≈≈..≈...##
..≈....≈....≈..8#
....#..≈..#.....#
..####...####... ##
##.## ##


There were no monsters in sight!

Vanquished Creatures
  Jessica (D:2)
  An adder (D:2)
  An ooze (D:2)
  A leopard gecko (D:1)
  A giant cockroach (D:2)
  A goblin (D:2)
  4 hobgoblins (D:2)
  3 jackals (D:2)
  2 frilled lizards (D:2)
  4 kobolds
  2 rats
21 creatures vanquished.

Notes
Turn   | Place    | Note
-------+----------+-------------------------------------------
     0 | D:1      | warriortoast the Minotaur Fighter began the quest for the
                  | Orb.
     0 | D:1      | Reached XP level 1. HP: 19/19 MP: 0/0
   147 | D:1      | You fall into a shaft and drop 1 floor!
   174 | D:2      | Noticed Jessica
   185 | D:2      | Reached XP level 2. HP: 11/27 MP: 1/1
   185 | D:2      | Killed Jessica
   186 | D:2      | Reached XP level 3. HP: 14/33 MP: 2/2
   582 | D:$      | Got out of the dungeon alive.

Illustrated notes

Levels and vault maps discovered:
D:1:      eino_arrival_water_star, layout_basic, minmay_bisected
D:2:      layout_rooms, uniq_jessica

Skill      XL: |  1  2  3 |
---------------+----------+-----
Shields        | 4 |  4.4
Armour         | 4 |  4.4
Fighting       | 4 |  4.1
Axes           | |  2.9
Dodging        | |  0.1

Action                   || total
-------------------------++-------
Melee: War axe           ||    47
       Headbutt          ||     5
Armor: Scale mail        ||    25
Dodge: Dodged            ||    17
Block: Kite shield       ||    32

Table legend: (Time is in decaauts)
 A = Elapsed time spent in this place.
 B = Non-inter-level travel time spent in this place.
 C = Inter-level travel time spent in this place.
 D = Time resting spent in this place.
 E = Time spent auto-exploring this place.
 F = Levels seen in this place.
 G = Mean time per level.
                   A        B        C        D        E       F      G
               +--------+--------+--------+--------+--------+-----+--------+
         Total |    605 |    560 |     45 |      0 |    403 |   2 |  302.5 |
       Dungeon |    605 |    560 |     45 |      0 |    403 |   2 |  302.5 |
               +--------+--------+--------+--------+--------+-----+--------+

Top non-repeatable levels by time:
     D:2: 411 daAuts
     D:1: 194 daAuts
